AoeStats
← home-print1

Arabia

508076144Analyzed
2v2 RM · 12d ago on Sep 20, 2026· 47m 49s· 4 players
Game mode
Random Map
Map size
Medium (4 player)
Population
200
Speed
Normal
Resources
Standard
Victory
Conquest
Starting age
Dark Age
Ending age
Imperial Age
RankedLock teamsTeams togetherTeam positionsShared explorationLock speedFull tech treeHidden civsTurbo modeCheats
Victory
Defeat
🇹🇷 Magyars · Türkiye
1243
+14
🇨🇱 Mongols · Chile
1233
+15
🇲🇽 Bulgarians · Mexico
1206
-14
🇲🇽 Franks · Mexico
1206
-15
KaRrA
7:29 Loom
9:32 Feudal Age
11:26 Double-Bit Axe
18:34 Horse Collar
26:32 Castle Age
24:42 Gold Mining
25:57 Bloodlines
29:49 Town Watch
30:40 Wheelbarrow
30:34 Husbandry
32:07 Scale Barding Armor
37:00 Chain Barding Armor
37:49 Light Cavalry
39:05 Hand Cart
46:26 Imperial Age
45:39 Stone Mining
46:26 Gold Shaft Mining
46:31 Cavalier
47:49 Plate Barding Armor
monje wololo
4:12 Loom
10:01 Feudal Age
10:41 Double-Bit Axe
11:16 Horse Collar
22:08 Castle Age
20:48 Gold Mining
21:11 Fletching
21:25 Padded Archer Armor
22:29 Stone Mining
24:20 Bow Saw
24:22 Heavy Plow
25:09 Stone Shaft Mining
24:45 Bodkin Arrow
29:56 Wheelbarrow
30:12 Town Watch
30:43 Bloodlines
31:27 Husbandry
31:41 Town Patrol
33:06 Leather Archer Armor
32:57 Scale Barding Armor
37:21 Imperial Age
36:02 Hand Cart
38:36 Ballistics
39:17 Chemistry
38:50 Bracer
39:12 Conscription
40:18 Masonry
39:45 Elite Mangudai
43:58 Gold Shaft Mining
42:53 Light Cavalry
43:56 Chain Barding Armor
43:46 Forging
45:00 Hussar
47:50 Iron Casting
cobian.1234
3:53 Loom
9:34 Feudal Age
10:17 Double-Bit Axe
19:12 Gold Mining
21:47 Castle Age
22:25 Scale Barding Armor
22:48 Forging
23:38 Chain Barding Armor
23:54 Iron Casting
25:08 Husbandry
25:40 Bow Saw
26:39 Town Watch
27:29 Wheelbarrow
27:12 Fletching
32:29 Stone Mining
36:06 Hand Cart
37:35 Bodkin Arrow
38:37 Town Patrol
42:30 Imperial Age
43:54 Plate Barding Armor
44:20 Blast Furnace
42:42 Cavalier
44:17 Conscription
44:03 Chivalry
45:10 Paladin
48:07 Gold Shaft Mining
home-print1
4:29 Loom
10:35 Feudal Age
15:50 Double-Bit Axe
17:13 Forging
20:10 Scale Barding Armor
24:14 Castle Age
22:50 Wheelbarrow
22:48 Gold Mining
23:08 Stone Mining
25:48 Stone Shaft Mining
25:49 Gold Shaft Mining
25:29 Bow Saw
26:42 Chain Barding Armor
26:58 Iron Casting
28:08 Light Cavalry
30:23 Bloodlines
32:21 Scale Mail Armor
32:12 Gambesons
32:28 Squires
33:38 Fletching
34:20 Chain Mail Armor
34:00 Bodkin Arrow
38:04 Ballistics
Connection lost

Rejoining the realm…

Still unreachable

The connection could not be restored.

Session expired

The server has moved on; the page needs a fresh start.